 Dungeon Crawl Stone Soup version 0.31-a0-836-g3ceb0a68c4 (webtiles) character file.

Game seed: 16884721005449574987

582 Kurtz the Chopper (level 7, -1/46 HPs)
             Began as an Octopode Fighter on Sept 26, 2023.
             Splashed by a jelly's acid (9 damage)
             ... on level 5 of the Dungeon.
             The game lasted 00:01:41 (2870 turns).

Kurtz the Chopper (Octopode Fighter)                Turns: 2870, Time: 00:01:42

Health: -1/46      AC: -8    Str: 17    XL:     7   Next: 36%
Magic:  7/7        EV: 13    Int: 10    God:
Gold:   117        SH:  4    Dex: 12    Spells: 6/6 levels left

rFire   . . .        o - +1 flail (protect)
rCold   . . .        b - +0 buckler
rNeg    . . .        (helmet restricted)
rPois   .            (no amulet)
rElec   .            (no ring)
rCorr   .            (no ring)
SInv    .            (no ring)
Will    .....        (no ring)
Stlth   ++           (no ring)
HPRegen 0.27/turn    (no ring)
MPRegen 0.10/turn    (no ring)
                     (no ring)

%: no passive effects
@: corroded, under a protective aura
A: almost no armour, amphibious, 8 rings, camouflage 1, gelatinous body 1,
(nimble swimmer 1), tentacles
a: no special abilities


You were on level 5 of the Dungeon.
You visited 1 branch of the dungeon, and saw 5 of its levels.

You collected 117 gold pieces.

Inventory:

Hand Weapons
 a - a +0 war axe
 o - a +1 flail of protection (weapon)
Armour
 b - a +0 buckler (worn)
Jewellery
 k - a +6 ring of intelligence
Wands
 u - a wand of digging (9)
Scrolls
 d - 4 scrolls of teleportation {unknown}
 e - 2 scrolls of revelation {unknown}
 h - 2 scrolls of identify {unknown}
 j - a scroll of acquirement {unknown}
 m - 2 scrolls of vulnerability {unknown}
 n - a scroll of immolation {unknown}
 q - a scroll of torment {unknown}
 r - a scroll of silence {unknown}
 s - a scroll of enchant armour {unknown}
 v - a scroll of blinking {unknown}
 w - 2 scrolls of noise {unknown}
Potions
 c - a potion of might
 f - 2 potions of heal wounds {unknown}
 g - a potion of haste {unknown}
 i - 2 potions of lignification {unknown}
 l - a potion of mutation {unknown}
 p - 2 potions of magic {unknown}
 t - a potion of degeneration {unknown}


   Skills:
 - Level 3.0 Fighting
 * Level 7.9 Axes
 - Level 3.0 Dodging
 - Level 3.0 Shields


You had 6 spell levels left.
You didn't know any spells.
Your spell library contained the following spells:

 Spells                   Type           Power      Damage    Failure   Level
 Sting                    Tmut/Pois      0%         1d3       43%         1
 Poisonous Vapours        Pois/Air       0%         N/A       58%         2
 Mephitic Cloud           Conj/Pois/Air  0%         N/A       82%         3
 Olgreb's Toxic Radiance  Pois           0%         N/A       99%         4
 Freezing Cloud           Conj/Ice/Air   0%         6-21      100%        5


Dungeon Overview and Level Annotations

Branches:
Dungeon (5/15)
 Temple: D:4-7

Altars:


Innate Abilities, Weirdness & Mutations

You cannot wear most types of armour.
You are amphibious.
You can wear up to eight rings at the same time.
Your skin changes colour to match your surroundings (Stealth+).
Your rubbery body absorbs attacks. (AC +1, EV +1)
((You are camouflaged when in or above water. (Stealth+)))
You have tentacles for arms and can constrict up to eight enemies at once.


Message History

Unknown command.
You see here a +0 hand axe.
Unknown command.
The helpless jelly fails to defend itself.
You hit the jelly. The acid corrodes you!
Your tentacles burn!
The jelly is lightly wounded.
The jelly hits you but does no damage.
You hit the jelly.
Your tentacles burn!
The jelly is lightly wounded.
You block the jelly's attack. The jelly hits you but does no damage.
You hit the jelly. The acid corrodes you!
Your tentacles burn!
The jelly is heavily wounded.
The jelly barely misses you.
The orc hits you with a +0 whip of holy wrath.
You hit the jelly but do no damage. The acid corrodes you!
Your tentacles burn!
The jelly is heavily wounded.
The jelly closely misses you. The orc closely misses you.
Unknown command.
You barely miss the jelly.
The jelly is heavily wounded.
The jelly barely misses you.
The orc hits you with a +0 whip of holy wrath.
You are too injured to fight recklessly!
Unknown command.
You are too injured to fight recklessly!
You hit the jelly.
Your tentacles burn!
The jelly is almost dead.
The jelly closely misses you.
The orc hits you with a +0 whip of holy wrath.
Unknown command.
You hit the jelly but do no damage.
Your tentacles burn!
* * * LOW HITPOINT WARNING * * *
The jelly is almost dead.
The jelly barely misses you.
The orc hits you with a +0 whip of holy wrath.
* * * LOW HITPOINT WARNING * * *
The jelly hits you.
* * * LOW HITPOINT WARNING * * *
The acid corrodes you!
You are splashed with acid!
You die...

###################
.......'..........#
.......#..........#
.......#..####''####
.......#..#~~~..~~~#
.......#..#~.)..@.~#
.......#..#~[♣.o♣J~#
.......#..+...)....+
#########.+........+
......... #~.♣..♣$~#
......... #~......~#
......... #~~~..~~~#
.<....... ####++####
.........


You could see a jelly and an orc.

Vanquished Creatures
  Grinder (D:3)
  A centaur (D:5)
  A scorpion (D:4)
  2 hounds (D:4)
  A jelly (D:4)
  An orc wizard (D:5)
  3 gnolls (D:5)
  An adder (D:2)
  An ufetubus (D:4)
  A worm (D:4)
  11 orcs
  4 endoplasms
  2 giant cockroaches (D:1)
  8 hobgoblins
  8 jackals
  A quokka (D:4)
  3 ball pythons
  5 bats
  2 frilled lizards
  7 goblins
  11 kobolds
  5 rats
80 creatures vanquished.

Notes
Turn   | Place    | Note
-------+----------+-------------------------------------------
     0 | D:1      | Kurtz the Octopode Fighter began the quest for the Orb.
     0 | D:1      | Reached XP level 1. HP: 16/16 MP: 1/1
   110 | D:1      | Reached XP level 2. HP: 20/21 MP: 2/2
   156 | D:1      | Reached skill level 3 in Axes
   498 | D:1      | Reached XP level 3. HP: 23/26 MP: 3/3
  1411 | D:3      | Reached skill level 4 in Axes
  1551 | D:3      | Noticed Grinder
  1567 | D:3      | Killed Grinder
  1568 | D:3      | Reached skill level 6 in Axes
  1568 | D:3      | Reached XP level 4. HP: 22/31 MP: 4/4
  1568 | D:3      | Reached XP level 5. HP: 25/36 MP: 5/5
  1568 | D:3      | Reached XP level 6. HP: 30/42 MP: 6/6
  2341 | D:4      | Reached skill level 7 in Axes
  2497 | D:4      | Reached XP level 7. HP: 32/46 MP: 7/7
  2670 | D:5      | Entered Level 5 of the Dungeon
  2870 | D:5      | Splashed by a jelly's acid

Illustrated notes

Levels and vault maps discovered:
D:1:      lightli_arrival_statue_moat, layout_basic
D:2:      layout_basic, serial_corexii_hall, chequers_hall_statues_corner_a,
          chequers_hall_statues_y, corexii_hall_statues_x,
          corexii_hall_statues_x, chequers_hall_statues_corner_a,
          corexii_hall_statues_l
D:3:      layout_loops_ring, grunt_ministairs_8, uniq_grinder
D:4:      layout_basic
D:5:      layout_gridville, grunt_temple_overflow_growth_and_decay,
          lemuel_doored_altar, grunt_gozag_breadcrumbs, minmay_misc_feat_rugged,
          kennysheep_generic_room_6

Skill      XL: |  1  2  3  4  5  6 |
---------------+-------------------+-----
Axes           | 3 6 7 |  7.9
Fighting       | |  3.0
Dodging        | |  3.0
Shields        | |  3.0

Action                     |  1- 3 |  4- 6 |  7- 9 || total
---------------------------+-------+-------+-------++-------
  Melee: War axe           |    70 |    10 |       ||    80
         Constrict         |    20 |    21 |     5 ||    46
         Tentacles         |    10 |    12 |     8 ||    30
         Punch             |     2 |     3 |       ||     5
         Flail             |       |    63 |    32 ||    95
   Stab: Sleeping          |     3 |     4 |     2 ||     9
         Distracted        |       |     1 |       ||     1
 Armour: Skin              |    27 |    35 |    28 ||    90
  Dodge: Dodged            |    34 |    49 |    31 ||   114
  Block: Buckler           |    17 |    14 |     9 ||    40

Table legend: (Time is in decaauts)
 A = Elapsed time spent in this place.
 B = Non-inter-level travel time spent in this place.
 C = Inter-level travel time spent in this place.
 D = Time resting spent in this place.
 E = Time spent auto-exploring this place.
 F = Levels seen in this place.
 G = Mean time per level.
                   A        B        C        D        E       F      G
               +--------+--------+--------+--------+--------+-----+--------+
         Total |   2919 |   2847 |     72 |    157 |   2172 |   5 |  583.8 |
       Dungeon |   2919 |   2847 |     72 |    157 |   2172 |   5 |  583.8 |
               +--------+--------+--------+--------+--------+-----+--------+

Top non-repeatable levels by time:
     D:1: 823 daAuts
     D:3: 793 daAuts
     D:2: 594 daAuts
     D:4: 501 daAuts
     D:5: 206 daAuts
